 Dungeon Crawl Stone Soup version 0.21.1-1-g345015fe64 (webtiles) character file.

36 Lavandula the Magician (level 3, 8/24 HPs)
             Began as a Barachi Earth Elementalist on July 17, 2018.
             Quit the game on level 2 of the Dungeon.
             The game lasted 00:04:30 (548 turns).

Lavandula the Magician (Barachi Earth Elementalist)  Turns: 548, Time: 00:04:30

Health: 8/24       AC:  2    Str:  9    XL:     3   Next: 37%
Magic:  4/8        EV: 12    Int: 16    God:
Gold:   54         SH:  0    Dex: 12    Spells: 5/9 levels left

rFire    . . .     SeeInvis .   h - +0 dagger
rCold    . . .     Gourm    .   (no shield)
rNeg     . . .     Faith    .   c - +0 robe
rPois    .         Spirit   .   (no helmet)
rElec    .         Reflect  .   (no cloak)
rCorr    .         Harm     .   (no gloves)
MR       .....                  (no boots)
Stlth    ++........             (no amulet)
HPRegen  0.08/turn              (no ring)
MPRegen  0.11/turn              (no ring)

@: slow
A: +LOS, swims, slowness 1, strong legs 1
a: Hop


You were on level 2 of the Dungeon.
You were not hungry.

You visited 1 branch of the dungeon, and saw 3 of its levels.

You collected 54 gold pieces.

Inventory:

Hand Weapons
 h - a +0 dagger (weapon)
Missiles
 b - 14 stones (quivered)
Armour
 c - a +0 robe (worn)
 g - a +0 ring mail
Scrolls
 a - a scroll of amnesia {unknown}
 j - a scroll of remove curse {unknown}
 k - 2 scrolls of identify {unknown}
Potions
 f - a potion of haste {unknown}
 i - 3 potions of mutation {unknown}
 l - a potion of cancellation {unknown}
Books
 e - a book of Geomancy

   Spells                             Type                      Level
   a - Sandblast                      Earth                        1
   b - Passwall                       Transmutation/Earth          2
   c - Stone Arrow                    Conjuration/Earth            3
   d - Petrify                        Transmutation/Earth          4
   e - Lee's Rapid Deconstruction     Earth                        5
Comestibles
 d - 4 rations


   Skills:
 - Level 2.1 Dodging
 - Level 1.7 Stealth
 - Level 3.8 Spellcasting
   Level 1.1 Transmutations
 + Level 3.0 Earth Magic


You had 5 spell levels left.
You knew the following spells:

 Your Spells              Type           Power        Failure   Level  Hunger
a - Sandblast             Erth           ##....       4%          1    None
b - Stone Arrow           Conj/Erth      #.....       28%         3    ###....


Dungeon Overview and Level Annotations

Branches:
Dungeon (3/15)

Altars:
Vehumet

Annotations:
D:3 GotenAND's ghost, amateur GrFi


Innate Abilities, Weirdness & Mutations

Shadows flee at your approach. (+LOS)
You can swim through water.
You cover ground slowly.
You can hop short distances.


Message History

The bat hits you but does no damage. The bat misses you.
You see here 10 stones.
You barely miss the bat.
The bat is moderately wounded.
The bat hits you but does no damage. x2
Your magical contamination has completely faded away.
You closely miss the bat.
The bat is moderately wounded.
The bat hits you but does no damage.
b - 14 stones (gained 10)
The bat closely misses you. The bat closely misses you.
The bat completely misses you.
You barely miss the bat. The bat hits you. The bat hits you but does no damage.
The bat barely misses you.
You barely miss the bat. The bat closely misses you.
Welcome back, Lavandula the Barachi Earth Elementalist.
Press ? for a list of commands and other information.
Are you sure you want to abandon this character and quit the game? (Confirm with "yes".)

....... ....... ...
...#### ... ## #.###
# #.#.### .#
#.#.b.### ##..#
#.##....##...#
#.###@#....#
#.###....######
#.............#
#.#†.##....##...#
#.#†.##.##.####.....
##.#....(##...#
###.##
#..#.##.......# # #
#.##.##.##.##.###.
##.##....##.#
..#..###


You could see a bat.

Vanquished Creatures
  An adder (D:2)
  A worm (D:2)
  A dart slug (D:2)
  A leopard gecko (D:1)
  A ball python (D:2)
  4 bats
  A giant cockroach (D:2)
  A goblin (D:1)
  2 hobgoblins
  A frilled lizard (D:2)
  4 kobolds
  6 rats
24 creatures vanquished.

Notes
Turn   | Place    | Note
-------+----------+-------------------------------------------
     0 | D:1      | Lavandula the Barachi Earth Elementalist began the quest for the Orb.
     0 | D:1      | Reached XP level 1. HP: 13/13 MP: 3/3
   202 | D:1      | Reached XP level 2. HP: 12/19 MP: 0/5
   356 | D:2      | Reached XP level 3. HP: 21/24 MP: 2/8
   361 | D:2      | Learned a level 3 spell: Stone Arrow
   402 | D:3      | Noticed GotenAND's ghost (amateur GrFi)
   430 | D:2      | Found a radiant altar of Vehumet.
   548 | D:2      | Quit the game

Skill      XL: |  1  2 |
---------------+-------+-----
Spellcasting   | 3 |  3.8
Dodging        | |  2.1
Stealth        | |  1.7
Transmutations | |  1.1
Earth Magic    | |  3.0

Action                   || total
-------------------------++-------
Melee: Dagger            ||    57
       Unarmed           ||     5
 Cast: Sandblast         ||    28
       Stone Arrow       ||     2
 Abil: Hop               ||     2
Armor: Robe              ||    33
Dodge: Dodged            ||    68
